 Dungeon Crawl Stone Soup version 0.16.2-12-gd0ad4c3 (webtiles) character file.

2486 HAWKINGL3623 the Skirmisher (level 9, -26/81 HPs)
             Began as a Hill Orc Abyssal Knight on Jan 10, 2016.
             Was a High Priest of Lugonu.
             Annihilated by a large abomination (30 damage)
             ... summoned by Lugonu's corruption
             ... on level 7 of the Dungeon on Jan 11, 2016.
             The game lasted 00:39:10 (7837 turns).

HAWKINGL3623 the Skirmisher (HOAK)                  Turns: 7837, Time: 00:39:10

Health: -26/81     AC: 10    Str: 18    XL:     9   Next: 52%
Magic:  6/16       EV:  8    Int: 12    God:    Lugonu [*****.]
Gold:   354        SH: 14    Dex: 10    Spells: 0 memorised, 8 levels left

rFire  + . .     SeeInvis .     h - +7 rapier
rCold  . . .     Clarity  .     a - +4 ring mail
rNeg   . . .     SustAb   +     w - +0 large shield
rPois  .         Gourm    .     (no helmet)
rElec  .         Spirit   .     (no cloak)
rCorr  .         Warding  .     (no gloves)
rMut   .         Stasis   .     (no boots)
MR     +....                    u - amulet of inaccuracy (curse)
Stlth  +.........               v - ring of sustain abilities
                                o - ring of protection from magic

@: somewhat resistant to hostile enchantments, very unstealthy
A: fire resistance 1
a: Depart the Abyss, Bend Space, Banish, Corrupt, Enter the Abyss, Renounce
Religion


You were on level 7 of the Dungeon.
You worshipped Lugonu.
Lugonu was extremely pleased with you.
You were not hungry.

You visited 1 branch of the dungeon, and saw 7 of its levels.
You visited the Abyss 1 time.

You collected 354 gold pieces.

Inventory:

Hand weapons
 h - a +7 rapier (weapon)
Missiles
 g - 5 bolts of penetration
Armour
 a - a +4 ring mail (worn)
 b - a +1 buckler
 w - a +0 large shield (worn)
Jewellery
 o - a ring of protection from magic (left hand)
 u - a cursed amulet of inaccuracy (around neck)
 v - a ring of sustain abilities (right hand)
Magical devices
 d - a wand of frost (33)
 f - a wand of fireball (2)
 i - a wand of enslavement (4)
 n - a wand of teleportation (3)
 y - a wand of flame (21)
Scrolls
 k - 2 scrolls of remove curse
 q - 3 scrolls of amnesia
 t - 4 scrolls of teleportation
 x - 5 scrolls of identify
Potions
 j - 2 potions of might
 l - 3 potions of curing
 m - 3 potions of haste
 r - 2 potions of brilliance
 s - 2 potions of cancellation
Miscellaneous
 e - a phantom mirror
Comestibles
 c - 3 meat rations
 p - 3 bread rations


   Skills:
 + Level 7.9 Fighting
 + Level 5.2 Short Blades
   Level 2.4 Maces & Flails
 + Level 0.8 Throwing
 + Level 6.5 Armour
 + Level 4.4 Dodging
 + Level 0.5 Stealth
 + Level 4.4 Shields
 + Level 4.8 Invocations
 + Level 0.2 Evocations


You had 8 spell levels left.
You didn't know any spells.

Dungeon Overview and Level Annotations

Branches:
Dungeon (7/15)             Temple (0/1) D:5

Altars:
Ashenzari
Cheibriados
Fedhas
Kikubaaqudgha
Sif Muna
Xom
The Shining One

Shops:
D:5 [

Annotations:
D:7 corrupted
Abyss:1 Edmund


Innate Abilities, Weirdness & Mutations

Your flesh is heat resistant.


Message History

A starcursed mass splits.
The ynoxinul gestures.
The smoke demon barely misses the orc.
The smoke demon hits the orc but does no damage. x2
A tentacle flies out from the starspawn's body!
The hobgoblin barely misses the small abomination.
The ufetubus hits the orc but does no damage.
The ufetubus hits the orc.
The large abomination closely misses the hobgoblin.
A starcursed mass splits.
The smoke demon gestures at the orc.
The ball of steam hits the orc.
The orc dies!
The small abomination hits the hobgoblin.
The hobgoblin dies!
Found a hobgoblin corpse.
Eat which item? (? for menu, Esc to quit)
You continue eating. x2
The large abomination hits you!!
You die...

##### ... ...X....#..#..#
##....
..###.3w.##.......###.....
........XX..##.....#.....##
...*.3..)..W.>..........##
..##.).Xx....#####.....##
#....3Xx5#.#.## #.....##
###.<.#5.##.5.###....##
#..#3#.X#..###.....### ##
#.#.X@.###........####
.#3#....#......#...#..
#...†.#.##.....####....
#.⌠...#.#.....## ##..#
#x5....#.#.....######..
......# #..............
..##..##.............. .
.#.......#........... ..
##......###..........


You could see a neutral starcursed mass (wandering), a neutral tentacled
starspawn (wandering), a neutral thrashing horror, a neutral large abomination
(wandering), a neutral smoke demon (wandering), a neutral neqoxec (wandering), a
neutral ynoxinul (wandering), 2 neutral small abominations, a neutral crimson
imp (wandering), a neutral white imp (wandering) and 2 neutral ufetubi.

Vanquished Creatures
  The ghost of HAWKINGL3623 the Ducker, an average DrMo (D:4)
  A hippogriff (D:7)
  2 sky beasts (D:7)
  A water moccasin (D:7)
  2 ogres
  2 phantoms
  A centaur (D:5)
  A big kobold (D:7)
  A giant frog (D:6)
  2 scorpions
  A goliath beetle (D:7)
  2 crimson imps (D:6)
  4 hounds
  2 giant frog skeletons
  5 orc priests
  A giant frog zombie (D:6)
  4 orc wizards
  4 worker ants
  Natasha (thrice) (D:5)
  2 iguanas
  A hound zombie (D:5)
  Robin (D:2)
  A worker ant zombie (D:5)
  7 adders
  4 gnolls (D:3)
  2 shadow imps (D:7)
  2 giant mites
  4 worms
  An adder skeleton (D:6)
  3 oozes
  16 orcs
  10 bats
  6 giant cockroaches
  10 hobgoblins
  17 jackals
  A quokka (D:2)
  A ball python (D:5)
  6 giant geckos
  A giant gecko zombie (D:6)
  5 giant newts
  24 goblins
  2 jackal skeletons (D:6)
  15 kobolds
  A quokka skeleton (D:5)
  13 rats
196 creatures vanquished.

Vanquished Creatures (collateral kills)
  2 orcs
2 creatures vanquished.

Vanquished Creatures (others)
  2 orc warriors
  An ice beast (D:7)
  An orc (D:7)
  2 goblins
  A hobgoblin (D:7)
  4 starspawn tentacles (D:7)
  20 starspawn tentacle segments (D:7)
31 creatures vanquished.

Grand Total: 229 creatures vanquished

Notes
Turn   | Place    | Note
--------------------------------------------------------------
     0 | Abyss:1  | HAWKINGL3623, the Hill Orc Abyssal Knight, began the quest for the Orb.
     0 | Abyss:1  | Reached XP level 1. HP: 19/19 MP: 1/1
    56 | Abyss:2  | Noticed a tentacled starspawn
    57 | D:1      | Escaped the Abyss
   208 | D:1      | Acquired Lugonu's first power
   209 | D:1      | Reached XP level 2. HP: 22/27 MP: 2/2
   215 | D:1      | Reached skill level 4 in Fighting
   555 | D:1      | Reached XP level 3. HP: 33/33 MP: 4/4
   672 | D:1      | Acquired Lugonu's second power
   989 | D:2      | Found a glowing golden altar of the Shining One.
  1232 | D:2      | Noticed Robin
  1257 | D:2      | Killed Robin
  1257 | D:2      | Reached XP level 4. HP: 33/41 MP: 6/6
  1259 | D:2      | Reached skill level 1 in Short Blades
  1332 | D:2      | Found a blossoming altar of Fedhas.
  1595 | D:2      | Found a snail-covered altar of Cheibriados.
  1595 | D:2      | Found a deep blue altar of Sif Muna.
  1597 | D:2      | Found a shimmering altar of Xom.
  1601 | D:2      | Found an ancient bone altar of Kikubaaqudgha.
  1670 | D:2      | Reached skill level 1 in Dodging
  1716 | D:2      | Acquired Lugonu's third power
  1925 | D:3      | Reached skill level 5 in Fighting
  1943 | D:3      | Reached XP level 5. HP: 48/48 MP: 8/8
  2286 | D:3      | Reached XP level 6. HP: 43/56 MP: 9/9
  2395 | D:3      | Acquired Lugonu's fourth power
  2458 | D:3      | Found a deep blue altar of Sif Muna.
  2672 | D:4      | Found a shimmering altar of Xom.
  2673 | D:4      | Found a shimmering altar of Xom.
  2673 | D:4      | Found a shimmering altar of Xom.
  2673 | D:4      | Found a shimmering altar of Xom.
  2674 | D:4      | Found a shimmering altar of Xom.
  2847 | D:4      | Noticed HAWKINGL3623's ghost (average DrMo)
  2894 | D:4      | Killed HAWKINGL3623's ghost
  2894 | D:4      | Reached XP level 7. HP: 28/62 MP: 6/12
  3705 | D:5      | Entered Level 5 of the Dungeon
  3927 | D:5      | Found a shattered altar of Ashenzari.
  3937 | D:5      | Noticed Natasha
  3945 | D:5      | Killed Natasha
  3945 | D:5      | Reached skill level 6 in Fighting
  3945 | D:5      | Reached skill level 5 in Armour
  4117 | D:5      | Found a staircase to the Ecumenical Temple.
  4337 | D:5      | Found Idig's Armour Shoppe.
  4347 | D:5      | Reached XP level 8. HP: 64/70 MP: 14/14
  4419 | D:5      | Noticed Natasha
  4425 | D:5      | Killed Natasha
  4435 | D:5      | Noticed Natasha
  4444 | D:5      | Killed Natasha
  4444 | D:5      | Reached skill level 1 in Shields
  4645 | D:6      | Acquired Lugonu's fifth power
  5118 | D:6      | Noticed Edmund
  5122 | D:6      | Banished Edmund
  5263 | D:6      | Reached skill level 7 in Fighting
  6440 | D:7      | Reached XP level 9. HP: 75/79 MP: 16/16
  6563 | D:7      | Reached skill level 5 in Short Blades
  7627 | D:7      | Gained mutation: Your flesh is heat resistant. [mutagenic meat]
  7830 | D:7      | Corrupted D:7
  7830 | D:7      | Noticed a tentacled starspawn
  7830 | D:7      | Noticed a thrashing horror
  7830 | D:7      | Noticed a smoke demon
  7830 | D:7      | Noticed a starcursed mass
  7830 | D:7      | Noticed a thrashing horror
  7830 | D:7      | Noticed a starcursed mass
  7830 | D:7      | Noticed a tentacled starspawn
  7830 | D:7      | Noticed a large abomination
  7830 | D:7      | Noticed a tentacled starspawn
  7830 | D:7      | HP: 2/81 [orc warrior/glaive (22)]
  7831 | D:7      | Noticed a large abomination
  7837 | D:7      | Annihilated by a large abomination

Action                   |  1- 3 |  4- 6 |  7- 9 || total
-------------------------+-------+-------+-------++-------
Melee: Rapier            |   121 |   205 |   466 ||   792
Throw: Stone             |     5 |     2 |       ||     7
Invok: Depart the Abyss  |     1 |       |       ||     1
       Banish            |       |     2 |     4 ||     6
       Bend Space        |       |     1 |     1 ||     2
       Corrupt           |       |       |     1 ||     1
Evoke: Wand              |       |       |     3 ||     3
  Use: Potion            |     6 |     3 |     5 ||    14
       Scroll            |     5 |     4 |     7 ||    16
  Eat: Chunk             |     1 |     3 |     6 ||    10
       Fruit             |       |     3 |       ||     3
       Bread ration      |       |       |     3 ||     3
       Pizza             |       |       |     1 ||     1
       Meat ration       |       |       |     1 ||     1
